 Dungeon Crawl Stone Soup version 0.23.2-1-ga50397a6bc (webtiles) character file.

Game seed: 17297378697711112636

21965 Masnef the Severer (level 12, -1/113 HPs)
             Began as a Hill Orc Monk on June 2, 2019.
             Was the Champion of Beogh.
             Slain by a ten-headed hydra (6 damage)
             ... on level 3 of the Lair of Beasts.
             The game lasted 01:11:20 (19676 turns).

Masnef the Severer (Hill Orc Monk)                 Turns: 19676, Time: 01:11:21

Health: -1/113     AC: 16    Str: 21    XL:     12   Next: 95%
Magic:  17/18      EV: 13    Int: 14    God:    Beogh [******]
Gold:   901        SH:  0    Dex: 13    Spells: 10/13 levels left

rFire    . . .     SeeInvis +   b - +9 falchion of Melee {slice, rElec Int+4}
rCold    . . .     Gourm    .   (no shield)
rNeg     . . .     Faith    .   Q - +1 ring mail {MR+}
rPois    .         Spirit   .   i - +1 helmet
rElec    +         Reflect  .   s - +1 cloak
rCorr    .         Harm     .   B - +2 pair of gloves
MR       +....                  (no boots)
Stlth    +.........             P - amulet of rage (curse)
HPRegen  0.28/turn              J - ring of see invisible
MPRegen  0.16/turn              q - +2 ring of strength

@: no status effects
A: walk on water
a: Smiting, Recall Orcish Followers, Give Item to Named Follower, Resurrection,
Renounce Religion, Evoke Berserk Rage


You were on level 3 of the Lair of Beasts.
You worshipped Beogh.
Beogh was exalted by your worship.
You were not hungry.

You visited 4 branches of the dungeon, and saw 17 of its levels.
You also visited: Ossuary.

You collected 901 gold pieces.

Inventory:

Hand Weapons
 b - the +9 falchion of Melee (weapon) {slice, rElec Int+4}
   (You found it on level 2 of the Lair of Beasts)

   It inflicts extra damage upon your enemies.
   It affects your intelligence (+4).
   It insulates you from electricity.
 d - a +1 war axe
 l - a +0 trident of piercing
 p - a +0 scythe
 r - a +2 whip of holy wrath
 K - a +0 trident
 L - a +4 scimitar of flaming
 O - a +0 hand crossbow
 R - a +0 trident
Missiles
 D - 3 throwing nets (quivered)
 M - 134 arrows
 W - 7 tomahawks
Armour
 f - a +0 ring mail
 i - a +1 helmet (worn)
 j - a +0 leather armour
 s - a +1 cloak (worn)
 w - a scarf of resistance
 B - a +2 pair of gloves (worn)
 F - a +0 pair of gloves
 H - a +0 chain mail
 Q - a +1 ring mail of magic resistance (worn)
Jewellery
 q - a +2 ring of strength (right hand)
 J - a ring of see invisible (left hand)
 P - a cursed amulet of rage (around neck)
Wands
 y - a wand of disintegration (15)
 E - a wand of flame (19)
 I - a wand of random effects (40)
 S - a wand of acid (7)
 T - a wand of polymorph (18)
 V - a wand of enslavement (24)
Scrolls
 g - 4 scrolls of blinking
 k - 5 scrolls of teleportation
 t - 4 scrolls of amnesia
 u - 5 scrolls of remove curse
 v - 2 scrolls of enchant weapon
 A - a scroll of magic mapping
 G - 2 scrolls of enchant armour
Potions
 e - 7 potions of curing
 h - a potion of haste
 m - 2 potions of lignification
 n - a potion of agility
 o - 2 potions of brilliance
 x - a potion of magic
 z - 2 potions of cancellation
 C - a potion of mutation
 U - 2 potions of invisibility
 X - a potion of might
 Z - 2 potions of ambrosia
Miscellaneous
 N - a box of beasts
 Y - a lamp of fire
Comestibles
 a - 4 chunks of flesh
 c - 13 rations


   Skills:
 * Level 12.5 Fighting
 - Level 16.0 Axes
 * Level 10.5 Armour
 - Level 4.0 Dodging
 - Level 1.5 Stealth
 - Level 1.0 Spellcasting
 - Level 4.0 Hexes
 - Level 2.0 Transmutations
 * Level 9.1 Invocations


You had 10 spell levels left.
You knew the following spells:

 Your Spells              Type           Power        Failure   Level  Hunger
a - Confusing Touch       Hex            ##....       8%          1    ##.....
b - Sticks to Snakes      Tmut           #.......     26%         2    ###....

Your spell library contained the following spells:

 Spells                   Type           Power        Failure   Level  Hunger
 Beastly Appendage        Tmut           #.....       17%         1    ##.....
 Confuse                  Hex            ##......     22%         3    ####...
 Animate Skeleton         Necr           N/A          36%         1    ##.....
 Apportation              Tloc           #.....       36%         1    ##.....
 Summon Butterflies       Summ           #.......     36%         1    ##.....
 Summon Small Mammal      Summ           #...         36%         1    ##.....
 Spider Form              Tmut/Pois      #.........   58%         3    ####...
 Call Canine Familiar     Summ           #.......     75%         3    ####...
 Gell's Gravitas          Tloc           #.........   75%         3    ####...
 Ice Form                 Ice/Tmut       #.......     94%         4    #####..
 Petrify                  Tmut/Erth      #.......     94%         4    #####..
 Yara's Violent Unravell  Hex/Tmut       #.........   97%         5    ######.
 Summon Ice Beast         Ice/Summ       #.......     98%         4    #####..
 Blade Hands              Tmut           #.........   99%         5    ######.
 Metabolic Englaciation   Hex/Ice        #.........   99%         5    ######.
 Summon Mana Viper        Hex/Summ       #.......     99%         5    ######.
 Irradiate                Conj/Tmut      #.........   100%        5    ######.
 Hydra Form               Tmut           #.........   100%        6    #######
 Statue Form              Tmut/Erth      #........    100%        6    #######
 Dragon Form              Tmut           #.........   100%        7    #######
 Summon Hydra             Summ           #.........   100%        7    #######


Dungeon Overview and Level Annotations

Branches:
Dungeon (11/15)            Temple (1/1) D:4            Lair (3/6) D:8
    Orc (2/2) D:10
  Swamp: Lair:2-4    Shoals: Lair:2-4     Snake: Lair:2-4    Spider: Lair:2-4
    Elf: Orc:2

Altars:
Ashenzari
Gozag
Kikubaaqudgha
Nemelex Xobeh
Okawaru
Trog
Uskayaw

Shops:
D:6 %   D:9 =   Orc:2 *!

Annotations:
D:5 3 runed translucent doors, voshxx's ghost, novice GrFi
D:10 exclusions: ice statue and obsidian statue
Lair:1 1 runed translucent door, zuik's ghost, journeyman MfGl
Orc:1 2 transporters, u8823's ghost, journeyman DDFi


Message History

Your orc hits the nine-headed hydra with a +0 falchion.
Your orc lops one of the nine-headed hydra's heads off!
The eight-headed hydra grows two more!
The bullfrog hits your orc!
Your orc dies!
Wield which item (- for none, * to show all)? (? for menu, Esc to quit)
b - the +9 falchion of Melee (weapon)
{slice, rElec Int+4} Your orc hits the ten-headed hydra with a +0 club.
Arkwar hits the ten-headed hydra with a +0 mace.
The bullfrog hits your orc but does no damage.
You barely miss the ten-headed hydra.
The ten-headed hydra is moderately wounded.
The ten-headed hydra closely misses you.
The ten-headed hydra completely misses you.
The ten-headed hydra bites you!
* * * LOW HITPOINT WARNING * * *
The ten-headed hydra closely misses you.
The ten-headed hydra bites you!
* * * LOW HITPOINT WARNING * * *
The ten-headed hydra misses you. The ten-headed hydra bites you.
You die...

.......# #......##
#.##.#.......#. ...
#......... #. ...
#.......P. #.. #. ##.#
#.F....... #..
##.####..###oDo...#
##...
#...##.#.#.#o@o...#.
......
#.........o.[.......
......
##...................
......#
#.............(......
.......
#....................
.......
##...................
.......
##...#.####.##........
.......
#....##########.....P.
###.... ##..o#
##.#..##....## #.....


You could see a ten-headed hydra (confused), a bullfrog, a friendly orc knight,
the friendly Arkwar the orc knight, a friendly orc warrior and 2 friendly orcs.

Vanquished Creatures
  Harold (D:9)
  A hydra (Lair:1)
  A two-headed ogre (Orc:1)
  An orc knight (Orc:2)
  An ugly thing (D:10)
  A manticore (D:11)
  A black mamba (Lair:3)
  7 elephants
  A spiny frog (Lair:2)
  A komodo dragon (Lair:2)
  Prince Ribbit (D:8)
  3 hippogriffs
  Sigmund (D:4)
  7 yaks
  2 wyverns (Lair:3)
  A wraith (D:11)
  Grum (Lair:1)
  A steam dragon (D:10)
  Menkaure (D:6)
  2 wargs
  A soldier ant (D:10)
  2 water moccasins
  A porcupine (Lair:3)
  Purgy (D:3)
  2 sky beasts
  A black bear (D:11)
  A hornet zombie (D:10)
  2 phantoms
  3 orc warriors
  4 ogres
  7 wolves
  A centaur (D:5)
  2 crocodiles
  4 bullfrogs
  4 scorpions
  2 troll zombies (Ossuary)
  3 wights (D:9)
  A bullfrog zombie (D:6)
  2 centaur zombies
  A crimson imp (D:5)
  3 hounds
  6 orc priests
  2 orc wizards
  3 jellies
  A bullfrog skeleton (D:4)
  2 iguanas
  Ijyb (D:4)
  4 worker ants
  An ogre zombie (Ossuary)
  A hound zombie (D:8)
  7 mummies (Ossuary)
  A worker ant zombie (D:5)
  A howler monkey zombie (D:8)
  Robin (D:3)
  12 adders
  2 shadow imps
  An ooze (D:6)
  2 adder zombies
  An adder skeleton (D:5)
  4 worms
  3 dart slugs
  3 leopard geckos
  16 orcs
  3 bats
  A giant cockroach (D:2)
  18 goblins
  12 hobgoblins
  12 jackals
  7 kobolds
  3 quokkas
  A ball python (D:1)
  2 frilled lizards
  4 goblin zombies (Ossuary)
  6 hobgoblin zombies (Ossuary)
  4 kobold zombies (Ossuary)
  4 quokka zombies (Ossuary)
  2 rats
  4 rat zombies (Ossuary)
  2 fungi (Lair:2)
  A plant (Lair:3)
245 creatures vanquished.

Vanquished Creatures (collateral kills)
  A hydra (Lair:2)
  Erica (D:8)
  A death knight (D:11)
  A two-headed ogre (D:10)
  A skeletal warrior (D:11)
  4 elephants
  A cyclops (D:11)
  A manticore (D:11)
  Psyche (D:9)
  A black mamba (Lair:1)
  A gargoyle (D:9)
  A smoke demon (Orc:2)
  3 spiny frogs
  2 freezing wraiths (D:11)
  A komodo dragon (Lair:3)
  A hellwing (Orc:2)
  A troll (Orc:2)
  3 hippogriffs
  4 blink frogs (Lair:2)
  2 wyverns
  3 yaks
  A wraith (D:10)
  A chaos spawn (Orc:2)
  3 wargs
  8 water moccasins
  A porcupine (Lair:1)
  6 orc warriors
  A black bear (D:9)
  An ice beast (D:10)
  A sky beast (D:7)
  2 ogres
  12 wolves
  A crocodile (Lair:1)
  A centaur (D:10)
  6 bullfrogs
  A wyvern skeleton (D:8)
  2 wights (D:9)
  2 hounds
  A jelly (D:8)
  A bullfrog zombie (D:10)
  6 orc priests
  A bullfrog skeleton (D:7)
  2 orc wizards
  A centaur skeleton (D:6)
  A worker ant (D:9)
  An ogre zombie (Ossuary)
  A hound skeleton (D:7)
  A gnoll (D:6)
  3 adders
  2 shadow imps
  An adder zombie (Ossuary)
  A leopard gecko (D:6)
  An orc (D:10)
  A hobgoblin (D:6)
  2 quokkas
  A quokka skeleton (D:5)
  A rat zombie (Ossuary)
  A fungus (Lair:3)
  A plant (Lair:3)
116 creatures vanquished.

Vanquished Creatures (others)
  2 orc knights (Lair:1)
  3 orc warriors
  4 orc priests
  3 orc wizards (D:11)
  A worker ant (D:3)
  A leopard gecko (D:3)
  26 orcs
  2 kobolds (D:3)
  A rat (D:3)
  13 fungi
  4 plants
  2 withered plants (Lair:1)
62 creatures vanquished.

Grand Total: 423 creatures vanquished

Notes
Turn   | Place    | Note
-------+----------+-------------------------------------------
     0 | D:1      | Masnef the Hill Orc Monk began the quest for the Orb.
     0 | D:1      | Reached XP level 1. HP: 19/19 MP: 1/1
     3 | D:1      | Noticed an anaconda
     6 | D:1      | Noticed a five-headed hydra
   238 | D:1      | Reached XP level 2. HP: 26/26 MP: 2/2
   319 | D:1      | Reached skill level 5 in Axes
   734 | D:1      | Reached XP level 3. HP: 27/31 MP: 3/3
  1201 | D:2      | Reached skill level 6 in Axes
  1352 | D:2      | Found a shattered altar of Ashenzari.
  1352 | D:2      | Found a hide-covered altar of Uskayaw.
  1405 | D:2      | Found an opulent altar of Gozag.
  1543 | D:2      | Reached XP level 4. HP: 38/39 MP: 4/4
  2036 | D:3      | Reached skill level 7 in Axes
  2115 | D:3      | Reached XP level 5. HP: 38/46 MP: 5/5
  2387 | D:3      | Became a worshipper of Beogh the Brigand
  2387 | D:3      | Reached * piety under Beogh
  2387 | D:3      | Reached ** piety under Beogh
  2625 | D:4      | Noticed Purgy
  2627 | D:4      | Noticed Sigmund
  2627 | D:4      | Noticed an ogre
  2893 | D:3      | Reached skill level 1 in Armour
  3120 | D:4      | Noticed a phantom
  3136 | D:3      | Reached skill level 8 in Axes
  3136 | D:3      | Reached XP level 6. HP: 34/52 MP: 6/6
  3493 | D:3      | Killed a phantom
  3493 | D:3      | Reached XP level 7. HP: 35/59 MP: 7/7
  3635 | D:4      | Noticed Robin
  3653 | D:3      | Killed Robin
  3704 | D:3      | Reached skill level 9 in Axes
  3732 | D:3      | Killed Purgy
  3942 | D:4      | Reached *** piety under Beogh
  4003 | D:4      | Found a staircase to the Ecumenical Temple.
  4089 | D:4      | Noticed Ijyb
  4097 | D:4      | Killed Ijyb
  4311 | Temple   | Entered the Ecumenical Temple
  4438 | D:4      | Killed Sigmund
  4438 | D:4      | Reached skill level 10 in Axes
  4438 | D:4      | Reached XP level 8. HP: 67/67 MP: 8/8
  4524 | D:4      | Found a sparkling altar of Nemelex Xobeh.
  4576 | D:5      | Entered Level 5 of the Dungeon
  4645 | D:5      | Found a bloodstained altar of Trog.
  4657 | D:5      | Learned a level 1 spell: Confusing Touch
  4812 | D:5      | Reached skill level 1 in Hexes
  4818 | D:5      | Reached skill level 1 in Spellcasting
  5294 | D:5      | Found a runed translucent gate.
  5294 | D:5      | Found a runed translucent gate.
  5486 | D:5      | Found a runed translucent gate.
  5496 | D:5      | Reached skill level 5 in Fighting
  5502 | D:5      | Noticed voshxx's ghost (novice GrFi)
  5993 | D:6      | Noticed Menkaure
  5996 | D:6      | Killed Menkaure
  5996 | D:6      | Reached skill level 1 in Invocations
  6275 | D:6      | Found Pimmudaeb's Food Shop.
  6366 | D:6      | Reached skill level 11 in Axes
  6366 | D:6      | Reached XP level 9. HP: 61/74 MP: 10/10
  6506 | D:6      | Found a sand-covered staircase.
  6511 | Ossuary  | Entered an ossuary
  6623 | Ossuary  | Reached **** piety under Beogh
  7500 | D:6      | Reached skill level 5 in Armour
  7844 | D:6      | Found an iron altar of Okawaru.
  8350 | D:7      | Found an ancient bone altar of Kikubaaqudgha.
  8400 | D:7      | Learned a level 2 spell: Sticks to Snakes
  8756 | D:8      | Noticed Erica
  9276 | D:8      | Reached skill level 12 in Axes
  9321 | D:8      | Found a staircase to the Lair.
  9343 | D:8      | Reached ***** piety under Beogh
  9343 | D:8      | Reached skill level 1 in Transmutations
  9624 | D:8      | Noticed Prince Ribbit
  9631 | D:8      | Killed Prince Ribbit
  9631 | D:8      | Reached XP level 10. HP: 71/84 MP: 10/12
  9865 | D:8      | Killed Erica
 10535 | D:9      | Reached skill level 13 in Axes
 10747 | D:9      | Noticed Psyche
 10759 | D:9      | Killed Psyche
 10909 | D:9      | Noticed Harold
 10923 | D:9      | Killed Harold
 10999 | D:9      | Found Ciav's Jewellery Shop.
 11352 | D:10     | Entered Level 10 of the Dungeon
 11352 | D:10     | Noticed a gargoyle
 11362 | D:9      | Killed a gargoyle
 11451 | D:10     | Reached skill level 5 in Invocations
 11580 | D:10     | Noticed a two-headed ogre
 11595 | D:10     | Killed a two-headed ogre
 11595 | D:10     | Reached skill level 14 in Axes
 11595 | D:10     | Reached XP level 11. HP: 19/95 MP: 8/15
 12345 | D:10     | Noticed an obsidian statue
 12370 | D:10     | Found a staircase to the Orcish Mines.
 12774 | D:10     | Noticed a cyan ugly thing
 12792 | D:10     | Killed a red ugly thing
 13466 | D:11     | Gained Boruk as an ally
 13604 | Lair:1   | Entered Level 1 of the Lair of Beasts
 14119 | Lair:1   | Noticed Grum
 14122 | Lair:1   | Noticed a five-headed hydra
 14139 | Lair:1   | Killed a five-headed hydra
 14141 | Lair:1   | Reached skill level 10 in Fighting
 14145 | Lair:1   | Killed Grum
 14148 | Lair:1   | Reached skill level 15 in Axes
 14170 | Lair:1   | Your ally Boruk died
 14459 | Lair:1   | Found a runed translucent door.
 14460 | Lair:1   | Noticed zuik's ghost (journeyman MfGl)
 14491 | Lair:1   | Gained Bogwald as an ally
 15678 | Lair:2   | Reached XP level 12. HP: 54/107 MP: 17/17
 16089 | Lair:2   | Noticed a five-headed hydra
 16100 | Lair:2   | Killed a five-headed hydra
 16415 | Lair:2   | Got a twisted falchion
 16416 | Lair:2   | Identified the +9 falchion of Melee {slice, rElec Int+4}
                  | (You found it on level 2 of the Lair of Beasts)
 17571 | D:11     | Noticed a death knight
 17917 | D:11     | Killed a death knight
 17919 | D:11     | Reached skill level 16 in Axes
 18334 | Orc:1    | Entered Level 1 of the Orcish Mines
 18346 | Orc:1    | Found a transporter.
 18350 | Orc:1    | Noticed u8823's ghost (journeyman DDFi)
 18382 | Orc:1    | Noticed a two-headed ogre
 18390 | Orc:1    | Killed a two-headed ogre
 18390 | Orc:1    | Reached skill level 10 in Armour
 18565 | Orc:1    | Found a transporter.
 18831 | Orc:2    | Entered Level 2 of the Orcish Mines
 18862 | Orc:2    | Found Pothrut's Distillery.
 18871 | Orc:2    | Reached ****** piety under Beogh
 18873 | Orc:2    | Gained Arkwar as an ally
 18878 | Orc:2    | Found Tounoodo's General Store.
 19663 | Lair:3   | Noticed a seven-headed hydra
 19676 | Lair:3   | HP: 5/113 [ten-headed hydra (11)]
 19676 | Lair:3   | Slain by a ten-headed hydra

Skill      XL: |  1  2  3  4  5  6  7  8  9 10 11 12 |
---------------+-------------------------------------+-----
Axes           | 5 6 7 8 10 11 12 14 15 16 | 16.0
Armour         | 2 3 4 6 7 8 10 | 10.5
Fighting       | 4 5 6 8 10 12 | 12.5
Dodging        | 3 4 |  4.0
Hexes          | 3 4 |  4.0
Spellcasting   | 1 |  1.0
Invocations    | 1 3 5 7 9 |  9.1
Transmutations | 1 2 |  2.0
Stealth        | |  1.5

Action                   |  1- 3 |  4- 6 |  7- 9 | 10-12 || total
-------------------------+-------+-------+-------+-------++-------
Melee: Hand axe          |   121 |   175 |     1 |    20 ||   317
       War axe           |       |    45 |   450 |   554 ||  1049
       Trident           |       |       |       |     8 ||     8
       Falchion          |       |       |       |     1 ||     1
Throw: Throwing net      |       |       |     2 |     1 ||     3
 Cast: Confusing Touch   |       |       |     7 |    45 ||    52
       Sticks to Snakes  |       |       |       |     6 ||     6
Invok: Convert to Beogh  |       |     1 |       |       ||     1
       Smiting           |       |       |     1 |       ||     1
       Recall Orcish Fol |       |       |     4 |    49 ||    53
       Give Item to Name |       |       |       |     1 ||     1
Evoke: Wand              |       |       |       |     2 ||     2
  Use: Scroll            |       |     4 |    11 |    11 ||    26
       Potion            |       |       |     6 |     1 ||     7
 Stab: Sleeping          |     1 |       |     1 |       ||     2
       Confused          |       |       |     3 |    26 ||    29
       Distracted        |       |       |     1 |     5 ||     6
       Held in net/web   |       |       |       |     1 ||     1
  Eat: Chunk             |     2 |     6 |    10 |    18 ||    36
       Ration            |       |       |     3 |     5 ||     8
Armor: Robe              |     8 |       |       |       ||     8
       Ring mail         |    22 |   108 |   135 |   252 ||   517
       Leather armour    |     1 |       |       |       ||     1
       Skin              |       |       |    58 |       ||    58
Dodge: Dodged            |    69 |   118 |   230 |   333 ||   750
